PA
CHICAGO TULA @ CALDWELL CHIEFS
08/20/2042
 
TOP OF THE 1ST
Chicago Tula batting - Pitching for Caldwell Chiefs : RHP Hsin-ta Lian
Pitching: RHP Hsin-ta Lian
Batting: RHB Esteban Rojas 0-0: Called Strike
0-1: Ball
1-1: Ball
2-1: Swinging Strike
2-2: Strikes out looking
Batting: RHB Jeff Weber 0-0: Ground out 1-3 (Groundball, 34S, EV 78.8 MPH)
Batting: LHB Cisco Gracía 0-0: Called Strike
0-1: Ball
1-1: SOLO HOME RUN (Flyball, 89XD, EV 106.9 MPH), Distance : 403 ft
Batting: RHB Guillermo Dettori 0-0: Swinging Strike
0-1: Called Strike
0-2: Ball
1-2: Strikes out looking
Top of the 1st over - 1 run, 1 hit, 0 errors, 0 left on base; Chicago 1 - Caldwell 0
BOTTOM OF THE 1ST
Caldwell Chiefs batting - Pitching for Chicago Tula : LHP Herman Stone
Pitching: LHP Herman Stone
Batting: RHB Luis Miguel Monteblanco 0-0: Foul Ball, location: 2F
0-1: Foul Ball, location: 2F
0-2: Ball
1-2: Strikes out swinging
Batting: RHB Nick Davis 0-0: Called Strike
0-1: Ball
1-1: Ground out 5-3 (Groundball, 56, EV 105.0 MPH)
Batting: RHB Derrick Davis 0-0: Ball
1-0: Swinging Strike
1-1: Foul Ball, location: 2F
1-2: Ball
2-2: Strikes out swinging
Bottom of the 1st over - 0 runs, 0 hits, 0 errors, 0 left on base; Chicago 1 - Caldwell 0
TOP OF THE 2ND
Chicago Tula batting - Pitching for Caldwell Chiefs : RHP Hsin-ta Lian
Batting: LHB Andrew Gray 0-0: Hit by Pitch
Batting: RHB Kichibei Kawaguchi 0-0: Ball
1-0: Ball
2-0: Ball
3-0: Called Strike
3-1: Foul Ball, location: 2F
3-2: Strikes out swinging
Batting: RHB John Montgomery 0-0: Called Strike
0-1: Ball
1-1: Called Strike
1-2: Foul Ball, location: 2F
1-2: Ball
2-2: Strikes out swinging
Batting: RHB Chad Brown 0-0: Called Strike
0-1: Swinging Strike
0-2: Foul Ball, location: 2F
0-2: Strikes out swinging
Top of the 2nd over - 0 runs, 0 hits, 0 errors, 1 left on base; Chicago 1 - Caldwell 0
BOTTOM OF THE 2ND
Caldwell Chiefs batting - Pitching for Chicago Tula : LHP Herman Stone
Batting: RHB Gin-fan Chong 0-0: Ball
1-0: Ball
2-0: Foul Ball, location: 2F
2-1: Ball
3-1: Fly out, F8 (Flyball, 8RS, EV 91.2 MPH)
Batting: RHB Kane Felton 0-0: Swinging Strike
0-1: Fly out, F8 (Flyball, 8LS, EV 70.0 MPH)
Batting: RHB Ángelo Atenas 0-0: Ground out 5-3 (Groundball, 56S, EV 83.1 MPH)
Bottom of the 2nd over - 0 runs, 0 hits, 0 errors, 0 left on base; Chicago 1 - Caldwell 0
TOP OF THE 3RD
Chicago Tula batting - Pitching for Caldwell Chiefs : RHP Hsin-ta Lian
Batting: RHB Millard King 0-0: Called Strike
0-1: Foul Ball, location: 2F
0-2: Foul Ball, location: 2F
0-2: Ground out 4-3 (Groundball, 34, EV 89.4 MPH)
Batting: RHB Esteban Rojas 0-0: Ball
1-0: Foul Ball, location: 2F
1-1: Foul Ball, location: 2F
1-2: Ball
2-2: Ball
3-2: Foul Ball, location: 2F
3-2: Foul Ball, location: 2F
3-2: Fly out, F4 (Line Drive, 4, EV 68.8 MPH)
Batting: RHB Jeff Weber 0-0: Called Strike
0-1: Ball
1-1: Foul Ball, location: 2F
1-2: Strikes out swinging
Top of the 3rd over - 0 runs, 0 hits, 0 errors, 0 left on base; Chicago 1 - Caldwell 0
BOTTOM OF THE 3RD
Caldwell Chiefs batting - Pitching for Chicago Tula : LHP Herman Stone
Batting: RHB Dan Babauta 0-0: Ball
1-0: Ball
2-0: Called Strike
2-1: Called Strike
2-2: Foul Ball, location: 2F
2-2: Foul Ball, location: 2F
2-2: Strikes out swinging
Batting: LHB Dan Webb 0-0: Ball
1-0: SOLO HOME RUN (Flyball, 89XD, EV 101.2 MPH), Distance : 402 ft
Batting: LHB Ramón Gómez 0-0: Ball
1-0: SINGLE (Groundball, 56D, EV 98.8 MPH)
Batting: RHB Luis Miguel Monteblanco 0-0: Fielders Choice at 2nd, 6-4 (Groundball, 6, EV 80.0 MPH)
Batting: RHB Nick Davis 0-0: Called Strike
0-1: Ball
1-1: Ball
2-1: Foul Ball, location: 2F
2-2: Strikes out looking
Bottom of the 3rd over - 1 run, 2 hits, 0 errors, 1 left on base; Chicago 1 - Caldwell 1
TOP OF THE 4TH
Chicago Tula batting - Pitching for Caldwell Chiefs : RHP Hsin-ta Lian
Batting: LHB Cisco Gracía 0-0: Foul Ball, location: 2F
0-1: Ball
1-1: Ball
2-1: Swinging Strike
2-2: Strikes out swinging
Batting: RHB Guillermo Dettori 0-0: Ball
1-0: Ball
2-0: Called Strike
2-1: Ball
3-1: Base on Balls
Batting: LHB Andrew Gray 0-0: Ball
1-0: Foul Ball, location: 2F
1-1: Ball
2-1: DOUBLE (Line Drive, 89D, EV 103.1 MPH)
Guillermo Dettori to third
Runner from 3rd tries for Home, SAFE, throw by CF to trailing runner, SAFE at third!
Batting: RHB Kichibei Kawaguchi 0-0: Ball
1-0: Foul Ball, location: 2F
1-1: Ball
2-1: Swinging Strike
2-2: Ground out 1-3 (Groundball, 13, EV 84.4 MPH)
Batting: RHB John Montgomery 0-0: Swinging Strike
0-1: Ball
1-1: Ball
2-1: Ground out 2-3 (Groundball, 2L, EV 67.5 MPH)
Top of the 4th over - 1 run, 1 hit, 0 errors, 1 left on base; Chicago 2 - Caldwell 1
BOTTOM OF THE 4TH
Caldwell Chiefs batting - Pitching for Chicago Tula : LHP Herman Stone
Batting: RHB Derrick Davis 0-0: Called Strike
0-1: Swinging Strike
0-2: Ball
1-2: Ball
2-2: SOLO HOME RUN (Flyball, 78XD, EV 105.6 MPH), Distance : 439 ft
Batting: RHB Gin-fan Chong 0-0: Swinging Strike
0-1: Ball
1-1: Ball
2-1: Foul Ball, location: 2F
2-2: Foul Ball, location: 2F
2-2: Strikes out swinging
Batting: RHB Kane Felton 0-0: Called Strike
0-1: Ground out 5-3 (Groundball, 5L, EV 101.2 MPH)
Batting: RHB Ángelo Atenas 0-0: Called Strike
0-1: DOUBLE (Groundball, 5L, EV 102.5 MPH)
Batting: RHB Dan Babauta 0-0: Ball
1-0: Foul Ball, location: 2F
1-1: Fly out, F9 (Line Drive, 9, EV 90.6 MPH)
Bottom of the 4th over - 1 run, 2 hits, 0 errors, 1 left on base; Chicago 2 - Caldwell 2
TOP OF THE 5TH
Chicago Tula batting - Pitching for Caldwell Chiefs : RHP Hsin-ta Lian
Batting: RHB Chad Brown 0-0: Called Strike
0-1: Ball
1-1: TRIPLE (Flyball, 8LXD, EV 90.6 MPH)
Batting: RHB Millard King 0-0: Called Strike
0-1: Ball
1-1: Ball
2-1: Foul Ball, location: 2F
2-2: Strikes out swinging
Batting: RHB Esteban Rojas 0-0: Ball
1-0: Foul Ball, location: 2F
1-1: Ball
2-1: Foul Ball, location: 2F
2-2: Strikes out swinging
Batting: RHB Jeff Weber 0-0: Fly out, F4 (Popup, 4, EV 64.4 MPH)
Top of the 5th over - 0 runs, 1 hit, 0 errors, 1 left on base; Chicago 2 - Caldwell 2
BOTTOM OF THE 5TH
Caldwell Chiefs batting - Pitching for Chicago Tula : LHP Herman Stone
Batting: LHB Dan Webb 0-0: Called Strike
0-1: Called Strike
0-2: Ground out 1-3 (Groundball, 23, EV 88.8 MPH)
Batting: LHB Ramón Gómez 0-0: Called Strike
0-1: Fly out, F7 (Flyball, 7S, EV 83.8 MPH)
Batting: RHB Luis Miguel Monteblanco 0-0: Called Strike
0-1: Ball
1-1: Ground out 4-3 (Groundball, 4S, EV 76.2 MPH)
Bottom of the 5th over - 0 runs, 0 hits, 0 errors, 0 left on base; Chicago 2 - Caldwell 2
TOP OF THE 6TH
Chicago Tula batting - Pitching for Caldwell Chiefs : RHP Hsin-ta Lian
Batting: LHB Cisco Gracía 0-0: Ball
1-0: Called Strike
1-1: Called Strike
1-2: Strikes out swinging
Batting: RHB Guillermo Dettori 0-0: Ball
1-0: Called Strike
1-1: Swinging Strike
1-2: DOUBLE (Groundball, 3L, EV 95.6 MPH)
Batting: LHB Andrew Gray 0-0: Intentional Walk
Batting: RHB Kichibei Kawaguchi 0-0: Called Strike
0-1: Fielders Choice at 2nd, 1-4 (Groundball, 15, EV 65.0 MPH)
Guillermo Dettori to third
Batting: RHB John Montgomery 0-0: Ball
1-0: Ground out 5-3 (Groundball, 56S, EV 72.5 MPH)
Top of the 6th over - 0 runs, 1 hit, 0 errors, 2 left on base; Chicago 2 - Caldwell 2
BOTTOM OF THE 6TH
Caldwell Chiefs batting - Pitching for Chicago Tula : LHP Herman Stone
Batting: RHB Nick Davis 0-0: Swinging Strike
0-1: Ball
1-1: Ball
2-1: Foul Ball, location: 2F
2-2: Strikes out swinging
Batting: RHB Derrick Davis 0-0: Ground out 6-3 (Groundball, 6, EV 101.2 MPH)
Batting: RHB Gin-fan Chong 0-0: SINGLE (Groundball, 5D, EV 97.5 MPH)
Batting: RHB Kane Felton 0-0: Swinging Strike
0-1: Swinging Strike
0-2: Ball
1-2: Ball
2-2: Ball
3-2: Ground out 4-3 (Groundball, 34, EV 82.5 MPH)
Bottom of the 6th over - 0 runs, 1 hit, 0 errors, 1 left on base; Chicago 2 - Caldwell 2
TOP OF THE 7TH
Chicago Tula batting - Pitching for Caldwell Chiefs : RHP Hsin-ta Lian
Batting: RHB Chad Brown 0-0: Ball
1-0: Foul Ball, location: 2F
1-1: Swinging Strike
1-2: Ball
2-2: Strikes out swinging
Pitching: LHP Dong-choon Yi
Batting: RHB Millard King 0-0: Ball
1-0: Ball
2-0: DOUBLE (Line Drive, 89D, EV 105.0 MPH)
Batting: RHB Esteban Rojas 0-0: Foul Ball, location: 2F
0-1: Ball
1-1: Foul Ball, location: 2F
1-2: Strikes out swinging
Batting: RHB Jeff Weber 0-0: Ball
1-0: Foul Ball, location: 2F
1-1: Ball
2-1: Foul Ball, location: 2F
2-2: Ground out 5-3 (Groundball, 5, EV 80.6 MPH)
Top of the 7th over - 0 runs, 1 hit, 0 errors, 1 left on base; Chicago 2 - Caldwell 2
BOTTOM OF THE 7TH
Caldwell Chiefs batting - Pitching for Chicago Tula : LHP Herman Stone
Batting: RHB Ángelo Atenas 0-0: Ball
1-0: Called Strike
1-1: Called Strike
1-2: Ground out 6-3 (Groundball, 6, EV 86.9 MPH)
Batting: RHB Dan Babauta 0-0: Ground out 6-3 (Groundball, 6, EV 83.1 MPH)
Batting: LHB Dan Webb 0-0: Foul Ball, location: 2F
0-1: Ball
1-1: Swinging Strike
1-2: Strikes out swinging
Bottom of the 7th over - 0 runs, 0 hits, 0 errors, 0 left on base; Chicago 2 - Caldwell 2
TOP OF THE 8TH
Chicago Tula batting - Pitching for Caldwell Chiefs : LHP Dong-choon Yi
Batting: LHB Cisco Gracía 0-0: Ball
1-0: Ball
2-0: Called Strike
2-1: SINGLE (Flyball, 5D, EV 96.2 MPH)
Batting: RHB Guillermo Dettori 0-0: Foul Ball, location: 2F
0-1: Ball
1-1: Ball
2-1: Foul Ball, location: 2F
2-2: Ball
3-2: Strikes out swinging
Batting: LHB Andrew Gray 0-0: Called Strike
0-1: Ball
1-1: Ball
2-1: Swinging Strike
2-2: 2-RUN HOME RUN (Flyball, 89XD, EV 98.1 MPH), Distance : 420 ft
Batting: RHB Kichibei Kawaguchi 0-0: Called Strike
0-1: Called Strike
0-2: Foul Ball, location: 2F
0-2: Ball
1-2: Ball
2-2: Strikes out looking
Batting: RHB John Montgomery 0-0: Foul Ball, location: 2F
0-1: Ball
1-1: Called Strike
1-2: Ball
2-2: Strikes out looking
Top of the 8th over - 2 runs, 2 hits, 0 errors, 0 left on base; Chicago 4 - Caldwell 2
BOTTOM OF THE 8TH
Caldwell Chiefs batting - Pitching for Chicago Tula : LHP Herman Stone
Batting: LHB Ramón Gómez 0-0: Called Strike
0-1: Swinging Strike
0-2: Fly out, F9 (Flyball, 9, EV 80.6 MPH)
Batting: RHB Luis Miguel Monteblanco 0-0: Ball
1-0: Called Strike
1-1: Called Strike
1-2: Fly out, F5 (Popup, 5F, EV 76.2 MPH)
Batting: RHB Nick Davis 0-0: Foul Ball, location: 2F
0-1: SINGLE (Groundball, 6MD, EV 103.8 MPH)
Batting: RHB Derrick Davis 0-0: Foul Ball, location: 2F
0-1: Ball
1-1: Ball
2-1: Fly out, F7 (Line Drive, 7D, EV 96.9 MPH)
Bottom of the 8th over - 0 runs, 1 hit, 0 errors, 1 left on base; Chicago 4 - Caldwell 2
TOP OF THE 9TH
Chicago Tula batting - Pitching for Caldwell Chiefs : LHP Dong-choon Yi
Batting: RHB Chad Brown 0-0: SINGLE (Line Drive, 8LS, EV 98.1 MPH)
Pitching: LHP Juriaan van der Kieft
Batting: RHB Millard King 0-0: Bunt missed!
0-1: Ball
1-1: Bunted foul
1-2: Fly out, F9 (Flyball, 9S, EV 86.9 MPH)
Batting: RHB Esteban Rojas 0-0: Called Strike
0-1: Ball
1-1: Ball
2-1: Foul Ball, location: 2F
2-2: Ball
3-2: Fly out, F4 (Popup, 4, EV 63.1 MPH)
Batting: RHB Jeff Weber 0-0: Called Strike
0-1: Called Strike
0-2: Ball
1-2: Strikes out swinging
Top of the 9th over - 0 runs, 1 hit, 0 errors, 1 left on base; Chicago 4 - Caldwell 2
BOTTOM OF THE 9TH
Caldwell Chiefs batting - Pitching for Chicago Tula : LHP Herman Stone
Batting: RHB Gin-fan Chong 0-0: Ball
1-0: Ball
2-0: Ball
3-0: Called Strike
3-1: Foul Ball, location: 2F
3-2: Strikes out swinging
Pitching: RHP Drees de Lijser
Batting: RHB Kane Felton 0-0: Ball
1-0: Fly out, F8 (Flyball, 89M, EV 93.1 MPH)
Batting: RHB Ángelo Atenas 0-0: Foul Ball, location: 2F
0-1: Ball
1-1: Fly out, F9 (Flyball, 9, EV 89.4 MPH)
Bottom of the 9th over - 0 runs, 0 hits, 0 errors, 0 left on base; Chicago 4 - Caldwell 2
Friday, March 26th, 2021 - OOTP Baseball 20.8 Build 74